AoeStats
← JJB

Arabia

505847478Analyzed
4v4 RM · 21d ago on Sep 11, 2026· 57m 43s· 8 players
Game mode
Random Map
Map size
Large (8 player)
Population
200
Speed
Normal
Resources
Standard
Victory
Conquest
Starting age
Dark Age
Ending age
Imperial Age
RankedLock teamsTeams togetherTeam positionsShared explorationLock speedFull tech treeHidden civsTurbo modeCheats
Victory
Defeat
🇫🇷 Berbers · France
1121
+13
🇹🇷 Vikings · Türkiye
978
+19
🇹🇷 Georgians · Türkiye
970
+19
🇹🇷 Aztecs · Türkiye
886
+23
🇧🇷 Khmer · Brazil
1059
-19
🇨🇳 Turks · China
1050
-19
🇨🇴 Chinese · Colombia
1049
-18
🇨🇳 Ethiopians · China
1020
-18
rubendariod01
0:34 Loom
10:08 Feudal Age
12:28 Double-Bit Axe
14:44 Town Watch
20:47 Castle Age
19:08 Horse Collar
19:55 Gold Mining
21:44 Fletching
21:55 Padded Archer Armor
22:19 Bloodlines
22:44 Husbandry
23:38 Wheelbarrow
22:27 Crossbowman
23:05 Bodkin Arrow
26:08 Leather Archer Armor
26:13 Hand Cart
29:06 Bow Saw
29:26 Forging
29:23 Scale Barding Armor
29:42 Town Patrol
32:41 Chain Barding Armor
38:03 Imperial Age
36:12 Iron Casting
35:01 Light Cavalry
36:09 Masonry
37:56 Ballistics
38:05 Ballistics
38:08 Pikeman
38:49 Squires
39:53 Blast Furnace
38:54 Scale Mail Armor
39:42 Plate Barding Armor
41:36 Two-Man Saw
41:48 Elite Fire Lancer
44:50 Chain Mail Armor
48:52 Heavy Scorpion
49:39 Halberdier
52:17 Chemistry
55:21 Conscription
taiwan180
7:30 Loom
9:50 Feudal Age
10:45 Double-Bit Axe
13:03 Scale Barding Armor
20:20 Castle Age
20:26 Light Cavalry
21:07 Husbandry
21:19 Bloodlines
21:22 Forging
22:16 Bow Saw
31:27 Scale Mail Armor
33:02 Horse Collar
33:27 Pikeman
36:13 Gold Mining
44:45 Gold Shaft Mining
46:47 Imperial Age
45:42 Wheelbarrow
44:52 Town Watch
47:50 Double Crossbow
48:11 Conscription
49:32 Chemistry
49:12 Heavy Scorpion
49:50 Hussar
51:34 Chain Barding Armor
东京节度使
0:32 Loom
12:06 Feudal Age
14:23 Double-Bit Axe
17:54 Castle Age
18:02 Horse Collar
21:53 Bow Saw
25:25 Imperial Age
25:45 Bow Saw
54:28 Gold Mining
57:43 Gold Shaft Mining
JJB
10:04 Feudal Age
10:30 Double-Bit Axe
12:09 Loom
16:39 Castle Age
16:47 Fletching
20:42 Bow Saw
22:56 Crossbowman
26:26 Thumb Ring
31:54 Horse Collar
35:20 Imperial Age
33:16 Scale Mail Armor
33:47 Squires
34:29 Forging
36:32 Bodkin Arrow
38:54 Wheelbarrow
39:18 Iron Casting
40:46 Two-Man Saw
40:44 Arbalester
45:43 Torsion Engines
45:48 Onager
clem3613
7:33 Loom
10:12 Feudal Age
11:28 Double-Bit Axe
18:47 Castle Age
18:09 Scale Barding Armor
18:14 Forging
18:52 Bloodlines
19:31 Husbandry
21:33 Bow Saw
24:32 Chain Barding Armor
25:00 Horse Collar
25:19 Gold Mining
27:37 Iron Casting
38:36 Wheelbarrow
41:23 Imperial Age
39:35 Gold Shaft Mining
42:25 Onager
43:27 Hand Cart
44:24 Stone Mining
45:03 Heavy Camel Rider
45:48 Scale Mail Armor
46:26 Plate Barding Armor
47:11 Stone Shaft Mining
48:08 Blast Furnace
49:02 Siege Engineers
49:48 Fletching
49:42 Treadmill Crane
50:23 Ballistics
49:59 Murder Holes
50:17 Masonry
51:08 Chemistry
51:13 Heavy Plow
51:40 Conscription
51:23 Maghrebi Camels
o.f.sayin
4:36 Loom
15:24 Feudal Age
22:32 Forging
22:23 Scale Mail Armor
24:20 Wheelbarrow
25:51 Gold Mining
26:49 Stone Mining
31:17 Castle Age
31:53 Double-Bit Axe
35:13 Eagle Warrior
37:53 Hand Cart
42:46 Imperial Age
41:08 Gold Shaft Mining
41:09 Stone Shaft Mining
40:47 Bow Saw
40:20 Pikeman
41:01 Squires
42:02 Town Watch
44:19 Horse Collar
45:41 Arson
47:29 Iron Casting
47:20 Chain Mail Armor
47:23 Heavy Plow
48:06 Town Patrol
49:41 Elite Eagle Warrior
51:21 Atlatl
52:03 Conscription
54:15 Crossbowman
54:21 Elite Genitour
54:35 Elite Genitour
ertugrul.guven2367
2:04 Loom
12:08 Feudal Age
14:19 Double-Bit Axe
18:48 Castle Age
30:45 Padded Archer Armor
30:36 Fletching
30:12 Elite Skirmisher
31:55 Leather Archer Armor
33:16 Bow Saw
36:14 Imperial Age
36:35 Bodkin Arrow
37:53 Ring Archer Armor
37:24 Bracer
38:20 Bracer
40:16 Chemistry
40:22 Horse Collar
41:39 Ballistics
43:16 Conscription
44:45 Two-Man Saw
44:29 Crossbowman
45:56 Arbalester
51:07 Scale Mail Armor
52:07 Chain Mail Armor
54:09 Elite Berserk
56:01 Plate Mail Armor
yasindilek
9:56 Loom
11:42 Feudal Age
17:27 Castle Age
20:35 Fletching
22:20 Scale Barding Armor
24:50 Double-Bit Axe
27:51 Wheelbarrow
29:59 Bow Saw
31:20 Chain Barding Armor
30:58 Gold Mining
31:01 Town Watch
32:34 Horse Collar
34:53 Husbandry
35:03 Bloodlines
35:06 Forging
36:12 Stone Mining
40:12 Iron Casting
39:43 Light Cavalry
41:30 Ballistics
41:08 Murder Holes
44:21 Hand Cart
45:03 Masonry
49:49 Imperial Age
50:12 Heavy Plow
51:13 Plate Barding Armor
51:01 Conscription
51:43 Blast Furnace
51:53 Hoardings
51:40 Hussar
52:28 Elite Monaspa
55:21 Aznauri Cavalry
56:22 Capped Ram
56:55 Treadmill Crane
58:17 Chemistry
Connection lost

Rejoining the realm…

Still unreachable

The connection could not be restored.

Session expired

The server has moved on; the page needs a fresh start.